 Dungeon Crawl Stone Soup version 0.31-a0-222-gefeffbb62a (webtiles) character file.

Game seed: 4200118716264019215

16 innerfire43 the Trooper (level 2, -2/24 HPs)
             Began as a Demonspawn Monk on July 5, 2023.
             Slain by a worm (10 damage)
             ... on level 1 of the Dungeon.
             The game lasted 00:00:23 (431 turns).

innerfire43 the Trooper (Demonspawn Monk)            Turns: 431, Time: 00:00:24

Health: -2/24      AC:  3    Str: 11    XL:     2   Next: 41%
Magic:  2/2        EV: 13    Int: 11    God:
Gold:   14         SH:  0    Dex: 15    Spells: 1/1 levels left

rFire   . . .        a - +0 hand axe
rCold   . . .        d - orb {light}
rNeg    . . .        b - +0 robe
rPois   .            (no helmet)
rElec   .            h - +0 cloak
rCorr   .            (no gloves)
SInv    .            (no boots)
Will    .....        (no amulet)
Stlth   +            (no ring)
HPRegen 0.24/turn    (no ring)
MPRegen 0.08/turn

%: no passive effects
@: glowing
A: sturdy frame 1
a: no special abilities


You were on level 1 of the Dungeon.
You visited 1 branch of the dungeon, and saw 1 of its levels.

You collected 14 gold pieces.

Inventory:

Hand Weapons
 a - a +0 hand axe (weapon)
Armour
 b - a +0 robe (worn)
 d - an orb of light (worn)
 h - a +0 cloak (worn)
Scrolls
 f - a scroll of identify {unknown}
Potions
 c - a potion of ambrosia
 e - a potion of might {unknown}
 g - a potion of berserk rage {unknown}


   Skills:
 + Level 3.3 Fighting
 + Level 3.0 Axes
 + Level 2.9 Dodging


You had one spell level left.
You didn't know any spells.
Your spell library contained the following spells:

 Spells                   Type           Power      Damage    Failure   Level
 Slow                     Hex            0%         N/A       34%         1
 Confusing Touch          Hex            0%         N/A       71%         3
 Vampiric Draining        Necr           0%         2d6       71%         3


Dungeon Overview and Level Annotations

Branches:
Dungeon (1/15)

Altars:


Innate Abilities, Weirdness & Mutations

Your movements are slightly less encumbered by armour. (ER -2)


Message History

The worm bites you but does no damage.
There are monsters nearby!
You hit the worm.
The worm is lightly wounded.
You hit the endoplasm. You hit the bat but do no damage.
The bat completely misses you. The bat misses you. The endoplasm freezes you.
You are frozen.
The bat is sucked into a shaft!
The shaft crumbles and collapses.
The endoplasm hits you. The worm completely misses you.
You hit the bat but do no damage.
The bat is severely wounded.
You hit the worm. You hit the endoplasm.
You kill the endoplasm!
The bat hits you.
Unknown command.
You hit the worm.
The worm is moderately wounded.
The bat barely misses you. The worm barely misses you.
Unknown command.
Unknown command.
The bat barely misses you. The bat closely misses you.
The worm completely misses you.
Unknown command.
The bat hits you but does no damage. The worm bites you!
* * * LOW HITPOINT WARNING * * *
Unknown command.
You hit the worm.
The worm is moderately wounded.
You hit the bat but do no damage. The bat closely misses you.
The bat is sucked into a shaft!
The shaft crumbles and collapses.
Unknown command.
You hit the worm.
The worm is heavily wounded.
The worm closely misses you.
Unknown command.
You hit the worm.
The worm is heavily wounded.
The worm bites you!
You die...

#.########.....[...# #.#
####...#### #.#### ##.##
#....# ### #.# ####.#
###..# #.# #.# ##.....##
#.# #.# #.......###.#
#.# .....^.^.##.#
#######.#
.......@w##.###.........
....^......>..#.######.#
..^..>......#.# #.#
.........####.#.# #.#
#..^....## #.# #.#
##.....## #.# #.# ##..##
#.# #.# ### #.# #.# #.#
#.#


You could see a worm.

Vanquished Creatures
  A bat (D:1)
  4 endoplasms (D:1)
  A giant cockroach (D:1)
  3 hobgoblins (D:1)
  3 kobolds (D:1)
  A goblin (D:1)
13 creatures vanquished.

Notes
Turn   | Place    | Note
-------+----------+-------------------------------------------
     0 | D:1      | innerfire43 the Demonspawn Monk began the quest for the
                  | Orb.
     0 | D:1      | Reached XP level 1. HP: 18/18 MP: 1/1
   173 | D:1      | Gained mutation: Your movements are slightly less
                  | encumbered by armour. (ER -2) [demonic ancestry]
   173 | D:1      | Reached XP level 2. HP: 24/24 MP: 2/2
   431 | D:1      | Slain by a worm

Illustrated notes

Levels and vault maps discovered:
D:1:      minmay_arrival_checkered_box, layout_loops_ring, serial_bayou_pond_a,
          amethyst_killhole, nicolae_wormholes

Skill      XL: |  1  2 |
---------------+-------+-----
Axes           | 3 |  3.0
Fighting       | |  3.3
Dodging        | |  2.9

Action                     || total
---------------------------++-------
  Melee: Hand axe          ||    35
 Armour: Robe              ||     3
  Dodge: Dodged            ||    29

Table legend: (Time is in decaauts)
 A = Elapsed time spent in this place.
 B = Non-inter-level travel time spent in this place.
 C = Inter-level travel time spent in this place.
 D = Time resting spent in this place.
 E = Time spent auto-exploring this place.
 F = Levels seen in this place.
 G = Mean time per level.
                   A        B        C        D        E       F      G
               +--------+--------+--------+--------+--------+-----+--------+
         Total |    436 |    422 |     14 |      0 |    335 |   1 |  436.0 |
       Dungeon |    436 |    422 |     14 |      0 |    335 |   1 |  436.0 |
               +--------+--------+--------+--------+--------+-----+--------+

Top non-repeatable levels by time:
     D:1: 436 daAuts
